 Dungeon Crawl Stone Soup version 0.30-a0-250-g41c1d76940 (webtiles) character file.

Game seed: 12736767114529460512

43 gzilladon the Chopper (level 3, 0/29 HPs)
             Began as a Human Berserker on Oct 11, 2022.
             Was a Follower of Trog.
             Slain by a gnoll
             ... wielding a +0 club
              (4 damage)
             ... on level 2 of the Dungeon on Oct 12, 2022.
             The game lasted 00:07:30 (1138 turns).

gzilladon the Chopper (Human Berserker)             Turns: 1138, Time: 00:07:30

Health: 0/29       AC:  2    Str: 19    XL:     3   Next: 82%
Magic:  3/3        EV: 12    Int:  7    God:    Trog [*.....]
Gold:   90         SH:  0    Dex: 12    Spells: 2/2 levels left

rFire   . . .      SeeInvis .    a - +0 hand axe
rCold   . . .      Faith    .    (no shield)
rNeg    . . .      Spirit   .    b - +0 animal skin
rPois   .          Reflect  .    (no helmet)
rElec   .          Harm     .    (no cloak)
rCorr   .          Rampage  .    (no gloves)
Will    .....                    (no boots)
Stlth   +.........               (no amulet)
HPRegen 0.24/turn                (no ring)
MPRegen 0.08/turn                (no ring)

@: no status effects
A: no striking features
a: Renounce Religion, Berserk


You were on level 2 of the Dungeon.
You worshipped Trog.
Trog was aware of your devotion.
You visited 1 branch of the dungeon, and saw 2 of its levels.

You collected 90 gold pieces.

Inventory:

Hand Weapons
 a - a +0 hand axe (weapon)
Missiles
 c - 3 poisoned darts (quivered)
 d - 25 stones
Armour
 b - a +0 animal skin (worn)
Scrolls
 f - 2 scrolls of acquirement {unknown}
 g - a scroll of enchant armour {unknown}
 i - a scroll of identify {unknown}
 k - 2 scrolls of magic mapping {unknown}
Potions
 e - a potion of lignification {unknown}
 h - a potion of mutation {unknown}
 j - a potion of flight {unknown}
 l - a potion of berserk rage {unknown}
 m - a potion of brilliance {unknown}


   Skills:
 + Level 3.4 Fighting
 * Level 3.9 Axes
 + Level 2.0 Armour
 + Level 2.3 Dodging


You had 2 spell levels left.
You didn't know any spells.
Your spell library was empty.

Dungeon Overview and Level Annotations

Branches:
Dungeon (2/15)

Altars:


Message History

The gnoll shouts!
A hobgoblin comes into view.
An endoplasm comes into view.
The endoplasm quivers.
The hobgoblin shouts!
You hit the gnoll.
The gnoll is heavily wounded.
The gnoll misses you.
You barely miss the gnoll.
The gnoll is heavily wounded.
The gnoll hits you with a +0 club.
An adder comes into view.
You closely miss the gnoll.
The gnoll is heavily wounded.
You hit the endoplasm but do no damage. You hit the hobgoblin.
The hobgoblin hits you but does no damage.
The endoplasm hits you. The gnoll closely misses you.
You closely miss the gnoll.
The gnoll is moderately wounded.
You hit the endoplasm. You hit the hobgoblin. The hobgoblin hits you.
The endoplasm hits you. The gnoll hits you with a +0 club!
You hit the gnoll.
The gnoll is heavily wounded.
You hit the hobgoblin.
You kill the hobgoblin!
Trog accepts your kill.
You hit the endoplasm. The gnoll hits you with a +0 club.
The endoplasm closely misses you.
You closely miss the gnoll.
The gnoll is heavily wounded.
You hit the endoplasm.
You kill the endoplasm!
Trog accepts your kill.
You completely miss the adder. The adder bites you.
* * * LOW HITPOINT WARNING * * *
The gnoll closely misses you. The adder bites you.
* * * LOW HITPOINT WARNING * * *
You hit the gnoll.
The gnoll is severely wounded.
You hit the adder. The gnoll hits you with a +0 club.
You die...

..# .... # # .#
..... ?#? #.#
..... #.# ..#
.....##.##..#..
............#..
.......gS......
###....@.......
...............
..#####........
............#..
..#............
..#.........#..
............# .
........>...#
............#


You could see a gnoll and an adder.

Vanquished Creatures
  4 endoplasms
  A giant cockroach (D:1)
  4 goblins (D:1)
  7 hobgoblins
  6 jackals (D:1)
  2 quokkas (D:1)
  4 ball pythons (D:1)
  A frilled lizard (D:1)
  4 kobolds
  4 rats
37 creatures vanquished.

Notes
Turn   | Place    | Note
-------+----------+-------------------------------------------
     0 | D:1      | gzilladon the Human Berserker began the quest for the Orb.
     0 | D:1      | Reached XP level 1. HP: 18/18 MP: 1/1
    77 | D:1      | Reached XP level 2. HP: 9/24 MP: 2/2
   454 | D:1      | Reached XP level 3. HP: 17/29 MP: 3/3
  1071 | D:2      | Upgraded the game from 0.30-a0-242-g7bf8e6d787 to
                  | 0.30-a0-250-g41c1d76940
  1138 | D:2      | Slain by a gnoll

Illustrated notes

Levels and vault maps discovered:
D:1:      dpeg_arrival_round_b, layout_loops_ring, minmay_pentomino_p2
D:2:      layout_basic, hellmonk_ecumenical_altar_heavens_door, basic_altar,
          minmay_tall_x, uniq_terence

Action                   || total
-------------------------++-------
Melee: Hand axe          ||    95
Armor: Animal skin       ||    25
Dodge: Dodged            ||    86

Table legend: (Time is in decaauts)
 A = Elapsed time spent in this place.
 B = Non-inter-level travel time spent in this place.
 C = Inter-level travel time spent in this place.
 D = Time resting spent in this place.
 E = Time spent auto-exploring this place.
 F = Levels seen in this place.
 G = Mean time per level.
                   A        B        C        D        E       F      G
               +--------+--------+--------+--------+--------+-----+--------+
         Total |   1150 |    992 |    158 |    129 |      0 |   2 |  575.0 |
       Dungeon |   1150 |    992 |    158 |    129 |      0 |   2 |  575.0 |
               +--------+--------+--------+--------+--------+-----+--------+

Top non-repeatable levels by time:
     D:1: 1029 daAuts
     D:2: 120 daAuts
